 Dungeon Crawl Stone Soup version 0.30.1-3-gfc49f6343a (webtiles) character file.

Game seed: 10049523418602035902

114 Destapler the Insei (level 4, 0/33 HPs)
             Began as a Demonspawn Transmuter on July 23, 2023.
             Was a Believer of Fedhas.
             Slain by an orc
             ... wielding a +1 hand axe of electrocution
              (8 damage)
             ... on level 3 of the Dungeon.
             The game lasted 00:12:06 (2357 turns).

Destapler the Insei (Demonspawn Transmuter)         Turns: 2357, Time: 00:12:07

Health: 0/33       AC:  3    Str: 10    XL:     4   Next: 66%
Magic:  6/8        EV: 17    Int: 17    God:    Fedhas [**....]
Gold:   125        SH:  0    Dex: 13    Spells: 5/8 levels left

rFire   . .          .
                       - Unarmed
rCold   . . .        (no shield)
rNeg    . . .        a - +0 robe
rPois   .            (helmet currently unavailable)
rElec   .            q - +0 cloak
rCorr   .            (no gloves)
SInv    .            (boots currently unavailable)
Will    .....        (no amulet)
Stlth   +            l - ring of flight
HPRegen 0.25/turn    n - +5 ring of evasion
MPRegen 0.11/turn

%: no passive effects
@: appendages (expiring), wereblooded, flying
A: talons 2, horns 1
a: End Transformation, Renounce Religion, Wall of Briars


You were on level 3 of the Dungeon.
You worshipped Fedhas.
Fedhas was pleased with you.
You had temporarily grown beastly talons.
You visited 1 branch of the dungeon, and saw 3 of its levels.

You collected 125 gold pieces.

Inventory:

Missiles
 i - 16 stones
Armour
 a - a +0 robe (worn)
 q - a +0 cloak (worn)
Jewellery
 l - a ring of flight (left hand)
 n - a +5 ring of evasion (right hand)
Scrolls
 b - a scroll of noise {unknown}
 c - a scroll of teleportation {unknown}
 f - 2 scrolls of identify
 g - a scroll of brand weapon {unknown}
 h - a scroll of enchant armour {unknown}
 k - 2 scrolls of fear {unknown}
 o - 3 scrolls of blinking {unknown}
 p - a scroll of acquirement {unknown}
Potions
 d - a potion of degeneration {unknown}
 e - a potion of brilliance {unknown}
 j - 3 potions of heal wounds
 m - 2 potions of might {unknown}


   Skills:
 + Level 1.9 Fighting
 + Level 2.3 Dodging
 - Level 3.0 Unarmed Combat
 + Level 2.6 Spellcasting
 + Level 2.3 Transmutations
 + Level 1.6 Poison Magic
 + Level 1.1 Invocations


You had 5 spell levels left.
You knew the following spells:

 Your Spells              Type           Power      Damage    Failure   Level
a - Beastly Appendage     Tmut           20%        N/A       7%          1
b - Wereblood             Tmut           10%        N/A       11%         2

Your spell library contained the following spells:

 Spells                   Type           Power      Damage    Failure   Level
 Spider Form              Tmut/Pois      9%         N/A       24%         3
 Ice Form                 Ice/Tmut       6%         N/A       73%         4
 Animate Dead             Necr           2%         N/A       87%         4
 Haunt                    Necr/Summ      1%         N/A       100%        7
 Infestation              Necr           1%         N/A       100%        8


Dungeon Overview and Level Annotations

Branches:
Dungeon (3/15)

Altars:
Fedhas

Annotations:
D:3 3 runed translucent doors, H0rd4k's ghost, amateur HuAr


Innate Abilities, Weirdness & Mutations

You have temporarily grown beastly talons.
You have a pair of small horns on your head.


Message History

You kill the endoplasm!
Fedhas accepts your kill.
HP restored.
Magic restored.
You now have 125 gold pieces (gained 16).
An orc comes into view.
It is wielding a +1 hand axe of electrocution.
Your feet morph into talons.
An orc comes into view. It is wielding a +0 hand axe.
The orc shouts! x2; You hear a shout! x3
The orc misses you.
An orc priest comes into view. It is wielding a +0 whip.
Casting: Beastly Appendage (safe; 7% risk of failure)
Confirm with . or Enter, or press ? or * to list all spells.
Your blood is infused with primal strength.
The orc barely misses you.
An orc comes into view. It is wielding a +0 mace.
You hit the orc but do no damage. The orc closely misses you.
The orc completely misses you.
You hit the orc but do no damage.
Your transformation is almost over.
The orc hits you with a +1 hand axe of electrocution.
The orc hits you with a +0 mace!
You closely miss the orc. Your kick misses the orc.
You headbutt the orc, but do no damage. You hit the orc but do no damage.
You headbutt the orc, but do no damage. The orc hits you with a +0 mace.
The orc attacks as you move away! The orc misses you.
The orc priest calls down the wrath of Beogh upon you.
Beogh smites you!
* * * LOW HITPOINT WARNING * * *
The orc attacks as you move away! The orc misses you.
An orc comes into view. It is wielding a +0 mace.
Okay, then.
Okay, then.
As you read the scroll labelled JOPPOM XUOVIERE, it crumbles to dust.
It is a scroll of identify.
j - 3 potions of heal wounds The orc hits you with a +1 hand axe of electrocution!
You die...
Fedhas appreciates your contribution to the ecosystem.

#. ####.# ####
♣.♣.♣.♣ ...
...♣..o♣o#
♣.♣.♣.♣.♣#
.♣...♣...# .
♣.♣.♣.♣.♣###.o..
#.###
...♣...♣o.......
.....
♣.♣.♣.♣@♣###....
..### ♣...♣...# #
♣.♣.♣.♣.♣#
...♣...♣...♣.#
♣.♣.♣.♣.♣.♣.♣##
♣...♣...♣....#
♣.♣.♣.♣.♣.♣.♣.#
..♣...♣...♣..#
♣.♣.♣.♣.♣...######.


You could see 2 orcs.

Vanquished Creatures
  5 adders
  2 dart slugs (D:1)
  9 ball pythons
  9 endoplasms
  3 giant cockroaches
  5 hobgoblins
  6 jackals
  3 quokkas (D:1)
  5 bats
  3 frilled lizards
  3 goblins
  2 kobolds
  6 rats
61 creatures vanquished.

Notes
Turn   | Place    | Note
-------+----------+-------------------------------------------
     0 | D:1      | Destapler the Demonspawn Transmuter began the quest for the
                  | Orb.
     0 | D:1      | Reached XP level 1. HP: 15/15 MP: 3/3
   215 | D:1      | Mutation became permanent: You have a pair of small horns
                  | on your head. [demonic ancestry]
   215 | D:1      | Gained mutation: You have a pair of horns on your head.
                  | [demonic ancestry]
   215 | D:1      | Reached XP level 2. HP: 15/21 MP: 3/5
   486 | D:1      | Reached skill level 1 in Poison Magic
   506 | D:1      | Learned a level 2 spell: Wereblood
   517 | D:1      | Reached XP level 3. HP: 26/26 MP: 1/6
   674 | D:1      | Found a faded altar of an unknown god.
   680 | D:1      | Reached skill level 3 in Unarmed Combat
   681 | D:1      | Prayed at the altar of an unknown god.
   681 | D:1      | Became a worshipper of Fedhas Madash
   681 | D:1      | Reached * piety under Fedhas
  1568 | D:3      | Reached XP level 4. HP: 31/32 MP: 3/7
  1578 | D:3      | Found a runed translucent gate.
  1578 | D:3      | Found a runed translucent gate.
  1578 | D:3      | Found a runed translucent gate.
  1617 | D:3      | Noticed H0rd4k's ghost (amateur HuAr)
  1900 | D:3      | Reached ** piety under Fedhas
  2016 | D:3      | Reached skill level 1 in Invocations
  2357 | D:3      | Slain by an orc

Illustrated notes

Levels and vault maps discovered:
D:1:      lemuel_arrival_cross, layout_rooms,
          hellmonk_ecumenical_altar_crossroads, minmay_pentomino_o2
D:2:      layout_basic, due_unseen_surprise
D:3:      layout_loops_corners, tso_oasis_becter, ebering_ghost_rock_garden,
          hangedman_decor_peaks_small, amcnicky_mini_pool_small,
          kennysheep_crisscross

Skill      XL: |  1  2  3  4 |
---------------+-------------+-----
Dodging        | 2 |  2.3
Transmutations | 2 |  2.3
Poison Magic   | 1 |  1.6
Unarmed Combat | 3 |  3.0
Invocations    | 1 |  1.1
Fighting       | |  1.9
Spellcasting   | |  2.6

Action                     |  1- 3 |  4- 6 || total
---------------------------+-------+-------++-------
  Melee: Unarmed           |   119 |    63 ||   182
         Kick              |    15 |    15 ||    30
         Headbutt          |    19 |     7 ||    26
         Punch             |     1 |       ||     1
  Throw: Stone             |     1 |     2 ||     3
   Cast: Beastly Appendage |    28 |    11 ||    39
         Wereblood         |     3 |     2 ||     5
    Use: Potion            |     1 |       ||     1
         Scroll            |       |     1 ||     1
   Stab: Sleeping          |     2 |       ||     2
 Armour: Skin              |    11 |       ||    11
         Robe              |    12 |    16 ||    28
  Dodge: Dodged            |    67 |    59 ||   126
